 Dungeon Crawl Stone Soup version 0.27.0-1-g7a089689b8 (webtiles) character file.

Game seed: 5387109851348847715

213026 inmateoo the Severer (level 18, -8/119 HPs)
             Began as a Gargoyle Fighter on Aug 3, 2021.
             Was the Champion of Okawaru.
             Mangled by a war gargoyle (27 damage)
             ... led by a peacekeeper
             ... on level 1 of the Vaults.
             The game lasted 00:37:28 (34546 turns).

inmateoo the Severer (Gargoyle Fighter)            Turns: 34546, Time: 00:37:29

Health: -8/119     AC: 46    Str: 30    XL:     18   Next: 94%
Magic:  24/24      EV: 11    Int:  7    God:    Okawaru [******]
Gold:   1383       SH: 19    Dex: 10    Spells: 17/17 levels left

rFire    + + .     SeeInvis .   K - +1 broad axe (elec)
rCold    + + .     Faith    .   c - +0 kite shield
rNeg     + + .     Spirit   .   o - +6 plate armour of the Gravedigger {Rampage rF++ Dex-5 Slay+3}
rPois    ∞         Reflect  +   b - +0 helmet of Egalitarianism {rN+ Will+ Str+6}
rElec    +         Harm     .   r - +1 cloak
rCorr    .         Rampage  +   U - +1 pair of gloves "Bikka" {rC+}
Will     +++..                  d - +1 pair of boots {rampage}
Stlth    ..........             F - amulet of reflection
HPRegen  0.29/turn              t - ring of willpower
MPRegen  0.19/turn              P - ring of Scepticism {rC+ Int-4 Dex+4 Slay+2}

@: flying, studying 2 skills
A: sickness immunity, AC +13, big wings, negative energy resistance 1,
electricity resistance, torment resistance 1, petrification resistance
}: 1/15 runes: serpentine
a: Renounce Religion, Heroism, Finesse


You were on level 1 of the Vaults.
You worshipped Okawaru.
Okawaru was exalted by your worship.
You visited 6 branches of the dungeon, and saw 29 of its levels.
You visited 1 bazaar.
You also visited: Ossuary.

You collected 2972 gold pieces.
You spent 1589 gold pieces at shops.

Inventory:

Hand Weapons
 K - a +1 broad axe of electrocution (weapon)
 R - a +0 vampiric broad axe
Armour
 b - the +0 helmet of Egalitarianism (worn) {rN+ Will+ Str+6}
   (You bought it in a shop on level 2 of the Orcish Mines)

   Str:       It affects your strength (+6).
   rN:        It protects you from negative energy.
   Will:      It increases your willpower.
 c - a +0 kite shield (worn)
 d - a +1 pair of boots of rampaging (worn)
 o - the +6 plate armour of the Gravedigger (worn) {Rampage rF++ Dex-5 Slay+3}
   (You found it on level 1 of the Lair of Beasts)

   Dex:       It affects your dexterity (-5).
   Slay:      It affects your accuracy & damage with ranged weapons and melee
   (+3).
   rF:        It greatly protects you from fire.
   Rampage:   It bestows one free step when moving towards enemies.
 r - a +1 cloak (worn)
 U - the +1 pair of gloves "Bikka" (worn) {rC+}
   (Okawaru gifted it to you on level 13 of the Dungeon)

   rC:        It protects you from cold.
Jewellery
 h - a ring of protection from cold
 m - a ring of protection from fire
 t - a ring of willpower (left hand)
 x - a ring of willpower
 F - an amulet of reflection (around neck)
 P - the ring of Scepticism (right hand) {rC+ Int-4 Dex+4 Slay+2}
   (You found it on level 4 of the Lair of Beasts)

   [ring of protection from cold]

   Int:       It affects your intelligence (-4).
   Dex:       It affects your dexterity (+4).
   Slay:      It affects your accuracy & damage with ranged weapons and melee
   (+2).
   rC:        It protects you from cold.
 T - a ring of positive energy
 Y - a ring of resist corrosion
Wands
 j - a wand of polymorph (23)
 p - a wand of flame (91)
 G - a wand of paralysis (18)
 H - a wand of iceblast (16)
 I - a wand of digging (11)
 N - a wand of acid (20)
 S - a wand of mindburst (9)
Scrolls
 a - a scroll of amnesia
 e - 3 scrolls of enchant armour
 y - 2 scrolls of magic mapping
 B - 7 scrolls of teleportation
 C - 4 scrolls of fog
 D - 2 scrolls of blinking
 E - 2 scrolls of fear
 J - 2 scrolls of brand weapon
 L - 13 scrolls of identify
 V - a scroll of holy word
 W - a scroll of silence
Potions
 f - 3 potions of magic
 g - 5 potions of haste
 i - 11 potions of curing
 s - 6 potions of heal wounds
 v - 10 potions of ambrosia
 w - 2 potions of brilliance
 z - 2 potions of invisibility
 A - 2 potions of mutation
 O - 2 potions of resistance
 X - 2 potions of might


   Skills:
 - Level 15.0 Fighting
 + Level 19.3 Axes
 - Level 15.0 Armour
 - Level 8.0 Dodging
 - Level 15.0 Shields
 - Level 8.0 Invocations


You had 17 spell levels left.
You didn't know any spells.
Your spell library contained the following spells:

 Spells                   Type           Power      Damage    Failure   Level
 Animate Skeleton         Necr           0%         N/A       94%         1
 Apportation              Tloc           0%         N/A       94%         1
 Pain                     Necr           0%         1d4       94%         1
 Passwall                 Tmut/Erth      0%         N/A       98%         2
 Gell's Gravitas          Tloc           0%         N/A       100%        3
 Lesser Beckoning         Tloc           0%         N/A       100%        3
 Ozocubu's Armour         Ice            0%         N/A       100%        3
 Stone Arrow              Conj/Erth      0%         3d7       100%        3
 Swiftness                Air            0%         N/A       100%        3
 Teleport Other           Tloc           0%         N/A       100%        3
 Vampiric Draining        Necr           0%         2d6       100%        3
 Airstrike                Air            0%         N/A       100%        4
 Animate Armour           Summ/Erth      0%         N/A       100%        4
 Hailstorm                Conj/Ice       0%         3d3       100%        4
 Ice Form                 Ice/Tmut       0%         N/A       100%        4
 Petrify                  Tmut/Erth      0%         N/A       100%        4
 Summon Lightning Spire   Summ/Air       0%         N/A       100%        4
 Alistair's Intoxication  Tmut/Pois      0%         N/A       100%        5
 Fireball                 Conj/Fire      0%         3d3       100%        5
 Irradiate                Conj/Tmut      0%         3d13      100%        5
 Iskenderun's Battlesphe  Conj           0%         2d6       100%        5
 Lightning Bolt           Conj/Air       0%         1d11      100%        5
 Conjure Ball Lightning   Conj/Air       0%         3x3d6     100%        6
 Dispersal                Tloc           0%         N/A       100%        6
 Invisibility             Hex            0%         N/A       100%        6
 Simulacrum               Ice/Necr       0%         N/A       100%        6
 Orb of Destruction       Conj           0%         N/A       100%        7
 Ozocubu's Refrigeration  Ice            0%         4d5       100%        7
 Storm Form               Tmut/Air       0%         N/A       100%        7
 Lehudib's Crystal Spear  Conj/Erth      0%         10d2      100%        8
 Maxwell's Capacitive Co  Air            0%         ∞         100%        8
 Sublimation of Blood     Necr           Unusable   N/A       N/A         2

Dungeon Overview and Level Annotations

Branches:
Dungeon (15/15)            Temple (1/1) D:6            Lair (6/6) D:9
  Swamp (0/4) Lair:4        Snake (4/4) Lair:4        Slime (0/5) Lair:6
    Orc (2/2) D:9             Elf (0/3) Orc:2        Vaults (1/5) D:13
 Depths (0/5) D:15        Ossuary (visited)

Altars:
Ashenzari
Cheibriados
Dithmenos
Elyvilon
Fedhas
Gozag
Hepliaklqana
Kikubaaqudgha
Makhleb
Nemelex Xobeh
Okawaru
Qazlal
Ru
Sif Muna
Trog
Uskayaw
Vehumet
Wu Jian
Xom
Yredelemnul
Zin
The Shining One
Beogh
Lugonu

Shops:
D:4 *   D:10 *   Orc:2 :*[(   Snake:3 *

Portals:
Abyss: Lair:6

Annotations:
D:3 2 transporters, coffeespoons's ghost, amateur DjCj
D:10 exclusion: oklob plant
Lair:1 1 runed translucent door, Rayvis's ghost, journeyman GnFi
Lair:5 exclusion: 3 oklob plants
Snake:2 Roxanne


Innate Abilities, Weirdness & Mutations

You are immune to sickness and miasma.
Your stone body is resilient. (AC +13)
You are immune to poison.
Your large and strong wings let you fly.
You resist negative energy. (rN+)
You are resistant to electric shocks. (rElec)
You are resistant to unholy torment.
You are immune to petrification.


Message History

You are too injured to fight recklessly!
You are too injured to fight recklessly!
You are too injured to fight recklessly!
You are too injured to fight recklessly!
You are too injured to fight recklessly!
You are too injured to fight recklessly!
You are too injured to fight recklessly!
You are too injured to fight recklessly!
You are too injured to fight recklessly!
You are too injured to fight recklessly!
You are too injured to fight recklessly!
You are too injured to fight recklessly!
You are too injured to fight recklessly!
You are too injured to fight recklessly!
You are too injured to fight recklessly!
You are too injured to fight recklessly!
You are too injured to fight recklessly!
Unknown command.
You slice the centaur warrior!!
Lightning courses through the centaur warrior!
You kill the centaur warrior!
Okawaru accepts your kill.
You hit the crystal guardian but do no damage.
You slash the peacekeeper! You hit the war gargoyle.
The peacekeeper closely misses you.
The peacekeeper claws you but does no damage.
The war gargoyle hits you with a +0 morningstar!!
You completely miss the crystal guardian.
The crystal guardian is severely damaged.
You slice the peacekeeper!! You hit the war gargoyle.
The crystal guardian fires a crystalline bolt at you.
The crystal bolt burns you! You resist.
* * * LOW HITPOINT WARNING * * *
The centaur warrior shoots an arrow.
You reflect the arrow off an invisible shield around you!
The arrow hits the centaur warrior.
The peacekeeper bites you!
* * * LOW HITPOINT WARNING * * *
You block the peacekeeper's attack.
The war gargoyle hits you with a +0 morningstar!!
You die...

..# #...# ..+ #...# ..
..# #...####'######
..########...#..J.......
.............#..........
.............#..........
.#########...#..c.......
.# #...#..)8...... .#
#...'..@)...... .+
#...#..89...... .#
#...#.......?.. .#
#...#.......... .#
#...#........^. .#
#...########### .# #...#
.# #... .#


You could see a crystal guardian (strong), a very large slime creature, a
centaur warrior, a war gargoyle (strong, catching breath) and a peacekeeper.

Vanquished Creatures
  Saint Roka (D:9)
  Frances (D:13)
  Kirke (D:13)
  10 nagarajas
  The ghost of Mesuenwa the Eclecticist, an adept DEWz of Sif Muna (Snake:3)
  An orc warlord (Orc:2)
  An ironbound preserver (Vaults:1)
  Azrael (D:13)
  An ettin (D:14)
  A yaktaur captain (Vaults:1)
  Harold (D:7)
  5 boulder beetles
  An ironbound thunderhulk (Vaults:1)
  11 naga warriors
  3 salamander tyrants
  A death knight (D:13)
  9 hydras
  12 centaur warriors
  15 anacondas
  2 tengu warriors (D:15)
  10 shock serpents
  7 two-headed ogres
  Urug (D:13)
  3 orc high priests (Orc:2)
  An ironbound beastmaster (Vaults:1)
  3 thrashing horrors (Lair:6)
  A deep elf knight (D:14)
  14 naga sharpshooters
  3 salamander mystics
  11 skeletal warriors
  9 naga ritualists
  4 deep trolls (Vaults:1)
  7 orc knights
  4 phantasmal warriors
  A wizard (Vaults:1)
  An obsidian statue (Snake:3)
  9 mana vipers
  A necromancer (D:15)
  3 lindwurms (Vaults:1)
  A deep elf pyromancer (D:14)
  An orb spider (shapeshifter) (D:10)
  12 ugly things
  17 salamanders
  4 orc sorcerers (Orc:2)
  A stone giant zombie (D:15)
  5 manticores
  7 cyclopes
  A fire giant skeleton (D:15)
  7 elephants
  10 guardian serpents
  50 black mambas
  13 naga magi
  7 cane toads
  A smoke demon (Lair:6)
  A rime drake (Lair:2)
  A spriggan skeleton (D:15)
  3 freezing wraiths
  12 komodo dragons
  A guardian mummy (D:15)
  3 ancient zymes (Lair:6)
  A tengu conjurer (D:15)
  12 meliai
  A hornet (D:8)
  2 queen bees
  2 polar bears
  Grinder (D:4)
  4 trolls
  22 slime creatures
  15 blink frogs
  Sigmund (D:3)
  A spriggan (shapeshifter) (D:15)
  A vampire (D:5)
  5 shadows
  A redback (shapeshifter) (Lair:6)
  A deep troll skeleton (D:15)
  2 ynoxinuls (Lair:6)
  A hog (shapeshifter) (Lair:6)
  2 wraiths
  9 wyverns
  A large abomination (Lair:6)
  6 basilisks
  16 humans
  49 yaks
  2 hogs (D:13)
  5 fire elementals (D:13)
  Eustachio (D:4)
  4 steam dragons
  2 chaos spawn (Lair:6)
  10 vampire mosquitoes
  38 nagas
  3 wargs
  2 acid dragons
  22 water moccasins
  3 hell hounds (D:13)
  4 black bears
  Purgy (D:3)
  3 sky beasts
  41 orc warriors
  A black bear (shapeshifter) (D:14)
  17 wolves
  8 ogres
  6 centaurs (D:13)
  A phantom (D:5)
  4 kobold brigands
  14 bullfrogs
  A wyvern zombie (D:7)
  Blork the orc (D:4)
  A scorpion (D:6)
  A wyvern skeleton (D:6)
  12 small abominations (Lair:6)
  A water moccasin skeleton (D:5)
  52 killer bees
  12 wights
  10 electric eels
  3 howler monkeys
  3 centaur zombies
  2 hounds (D:5)
  6 jellies
  A bullfrog zombie (D:5)
  2 centaur skeletons
  3 iron imps (D:14)
  26 orc priests
  3 bullfrog skeletons
  5 gnoll shamans (D:11)
  3 iguanas
  Jessica (D:3)
  28 orc wizards
  8 mummies (Ossuary)
  10 gnolls (D:11)
  2 howler monkey skeletons
  14 adders
  A river rat (Lair:2)
  A shadow imp (D:6)
  2 white imps
  3 ufetubi
  An adder skeleton (D:4)
  3 worms
  A dart slug (D:2)
  96 orcs
  5 endoplasms
  3 giant cockroaches
  3 gnoll zombies (Ossuary)
  11 goblins
  7 hobgoblins
  4 jackals (D:3)
  20 kobolds
  2 quokkas (D:2)
  6 ball pythons
  3 bats
  6 frilled lizards
  5 kobold zombies (Ossuary)
  9 rats
1081 creatures vanquished.

Vanquished Creatures (collateral kills)
  A sky beast (D:6)
  An orc priest (D:7)
2 creatures vanquished.

Vanquished Creatures (others)
  Nessos (D:15)
  A naga ritualist (Snake:4)
  A deep elf pyromancer (D:12)
  A salamander (Snake:3)
  A killer bee (D:7)
  3 bushes (D:9)
  22 fungi
  56 plants
  4 withered plants (D:15)
90 creatures vanquished.

Grand Total: 1173 creatures vanquished

Notes
Turn   | Place    | Note
-------+----------+-------------------------------------------
     0 | D:1      | inmateoo the Gargoyle Fighter began the quest for the Orb.
     0 | D:1      | Reached XP level 1. HP: 14/14 MP: 1/1
    37 | D:1      | Reached skill level 2 in Axes
    40 | D:1      | Reached XP level 2. HP: 12/19 MP: 2/2
   552 | D:1      | Reached XP level 3. HP: 22/23 MP: 1/3
   850 | D:2      | Reached XP level 4. HP: 27/29 MP: 4/4
   977 | D:2      | Found a faded altar of an unknown god.
  1394 | D:3      | Noticed coffeespoons's ghost (amateur DjCj)
  1396 | D:3      | Found a transporter.
  1420 | D:3      | Found a transporter.
  1438 | D:3      | Reached skill level 3 in Axes
  1519 | D:3      | Noticed Sigmund
  1534 | D:3      | Killed Sigmund
  1535 | D:3      | Reached XP level 5. HP: 28/34 MP: 3/5
  1535 | D:3      | Reached XP level 6. HP: 32/39 MP: 3/6
  1548 | D:3      | Reached skill level 4 in Axes
  1610 | D:3      | Noticed Jessica
  1629 | D:3      | Killed Jessica
  1750 | D:3      | Found a broken altar of Ashenzari.
  1877 | D:3      | Found a shimmering blue altar of Sif Muna.
  1988 | D:3      | Noticed Purgy
  2008 | D:3      | Killed Purgy
  2009 | D:3      | Reached XP level 7. HP: 25/44 MP: 4/7
  2265 | D:4      | Noticed Blork the orc
  2352 | D:4      | Killed Blork the orc
  2388 | D:4      | Reached skill level 5 in Armour
  2404 | D:4      | Found a transporter.
  2522 | D:4      | Found a transporter.
  2555 | D:4      | Reached skill level 5 in Fighting
  2555 | D:4      | Reached skill level 5 in Shields
  2559 | D:4      | Reached skill level 5 in Axes
  2582 | D:4      | Noticed Grinder
  2600 | D:4      | Killed Grinder
  2601 | D:4      | Reached skill level 6 in Axes
  2601 | D:4      | Reached XP level 8. HP: 27/49 MP: 5/8
  2748 | D:4      | Found Poengod's CLEARANCE SALE! EVERYTHING MUST GO!.
  2822 | D:4      | Noticed Eustachio
  2857 | D:4      | Killed Eustachio
  3209 | D:5      | Entered Level 5 of the Dungeon
  3257 | D:5      | Reached skill level 7 in Axes
  3424 | D:5      | Found a basalt altar of Yredelemnul.
  3507 | D:5      | Reached skill level 8 in Axes
  3537 | D:5      | Noticed a vampire
  3548 | D:5      | Killed a vampire
  3568 | D:5      | Reached XP level 9. HP: 31/54 MP: 9/9
  3709 | D:5      | Reached skill level 9 in Axes
  4116 | D:5      | Found a sparkling altar of Nemelex Xobeh.
  4485 | D:6      | Reached skill level 10 in Axes
  4534 | D:6      | You fall into a shaft and drop 1 floor!
  4552 | D:7      | Noticed a cyclops
  4553 | D:7      | Noticed a seven-headed hydra
  4763 | D:6      | Found a sand-covered staircase.
  4768 | Ossuary  | Entered an ossuary
  5163 | D:6      | Found a snail-covered altar of Cheibriados.
  5279 | D:6      | Found a staircase to the Ecumenical Temple.
  5494 | Temple   | Entered the Ecumenical Temple
  5514 | Temple   | Became a worshipper of Warmaster Okawaru
  5845 | D:7      | Killed a cyclops
  5846 | D:7      | Reached XP level 10. HP: 54/60 MP: 10/10
  5911 | D:7      | Noticed Harold
  5933 | D:7      | Reached * piety under Okawaru
  5975 | D:7      | Killed Harold
  5975 | D:7      | Reached ** piety under Okawaru
  6002 | D:7      | HP: 1/63 [three-headed hydra (10)]
  6004 | D:7      | Killed a one-headed hydra
  6360 | D:7      | Found a radiant altar of Vehumet.
  6566 | D:7      | Reached *** piety under Okawaru
  6777 | D:7      | Identified the +3 quarterstaff of Reemeklu {drain, rC+}
  6826 | D:7      | Reached skill level 11 in Axes
  7479 | D:8      | Identified the +5 dagger of Accord {freeze, Will+}
  7523 | D:8      | Reached XP level 11. HP: 51/68 MP: 11/11
  7536 | D:8      | Reached skill level 1 in Invocations
  7611 | D:8      | You fall into a shaft and drop 2 floors!
  7611 | D:10     | Entered Level 10 of the Dungeon
  7677 | D:10     | Found a blossoming altar of Fedhas.
  7702 | D:10     | Noticed an oklob plant
  7978 | D:10     | Noticed an orb spider
  7990 | D:10     | Killed an orb spider
  7990 | D:10     | Reached **** piety under Okawaru
  8022 | D:10     | Found Radilof's General Store.
  8025 | D:10     | Bought a potion of haste for 120 gold pieces
  8805 | D:9      | Found a staircase to the Lair.
  8951 | D:9      | Found a staircase to the Orcish Mines.
  8981 | D:9      | Noticed a two-headed ogre
  8998 | D:9      | Killed a two-headed ogre
  8998 | D:9      | Reached ***** piety under Okawaru
  9365 | D:9      | Found a white marble altar of Elyvilon.
 10576 | D:8      | Found a glowing silver altar of Zin.
 10817 | D:10     | Identified a scroll of acquirement
 10817 | D:10     | Acquired a +0 broad axe of electrocution
 11854 | Lair:1   | Entered Level 1 of the Lair of Beasts
 12111 | Lair:1   | Reached XP level 12. HP: 60/76 MP: 15/15
 12231 | Lair:1   | Identified the +6 plate armour of the Gravedigger {Rampage
                  | rF++ Dex-5 Slay+3}
 12569 | Lair:1   | Found a runed translucent door.
 12573 | Lair:1   | Noticed Rayvis's ghost (journeyman GnFi)
 12803 | Lair:2   | Reached skill level 5 in Invocations
 12822 | Lair:2   | Noticed a five-headed hydra
 12831 | Lair:2   | Identified the +2 broad axe of Xacvudue {antimagic, rN++
                  | Int+7 Dex+2} (Okawaru gifted it to you on level 2 of the
                  | Lair of Beasts)
 12831 | Lair:2   | Received a gift from Okawaru
 12834 | Lair:2   | Killed a one-headed hydra
 13421 | Lair:2   | Reached skill level 12 in Axes
 13510 | Lair:2   | Received a gift from Okawaru
 13610 | Lair:2   | Reached skill level 10 in Fighting
 13622 | Lair:2   | Reached skill level 10 in Armour
 13799 | Lair:2   | Reached skill level 10 in Shields
 13815 | Lair:2   | Received a gift from Okawaru
 14472 | Lair:2   | Reached XP level 13. HP: 74/82 MP: 18/18
 14833 | Lair:3   | Reached skill level 13 in Axes
 14919 | Lair:3   | Identified the +8 chain mail of Intercession {Drain rElec
                  | Dex+2}
 15618 | Lair:4   | Found a staircase to the Snake Pit.
 15697 | Lair:4   | Identified the ring of Scepticism {rC+ Int-4 Dex+4 Slay+2}
 15857 | Lair:4   | Reached skill level 14 in Axes
 15862 | Lair:4   | Reached ****** piety under Okawaru
 16074 | Lair:4   | Found a staircase to the Swamp.
 16094 | Lair:4   | Received a gift from Okawaru
 17188 | Lair:5   | Received a gift from Okawaru
 17255 | Lair:6   | Entered Level 6 of the Lair of Beasts
 17306 | Lair:6   | Reached skill level 15 in Axes
 17475 | Lair:6   | Found a staircase to the Slime Pits.
 17625 | Lair:6   | Reached skill level 1 in Dodging
 17625 | Lair:6   | Gained mutation: Your large and strong wings let you fly.
                  | [Gargoyle growth]
 17625 | Lair:6   | Reached XP level 14. HP: 84/88 MP: 20/20
 17999 | Lair:6   | Received a gift from Okawaru
 18559 | Lair:6   | Found a corrupted altar of Lugonu.
 18559 | Lair:6   | Found a one-way gate to the infinite horrors of the Abyss.
 20851 | D:12     | Received a gift from Okawaru
 20855 | D:12     | Reached XP level 15. HP: 74/95 MP: 15/21
 21428 | D:11     | Acquired a manual of Shields
 21663 | D:13     | Found a gate to the Vaults.
 22000 | D:13     | Reached skill level 5 in Dodging
 22049 | D:13     | Noticed Kirke
 22070 | D:13     | Killed Kirke
 22115 | D:13     | Noticed Azrael
 22139 | D:13     | Killed Azrael
 22409 | D:13     | Identified the +1 pair of gloves "Bikka" {rC+} (Okawaru
                  | gifted it to you on level 13 of the Dungeon)
 22409 | D:13     | Received a gift from Okawaru
 22458 | D:13     | Noticed Frances
 22470 | D:13     | Killed Frances
 22570 | D:13     | Noticed Urug
 22588 | D:13     | Killed Urug
 23564 | D:14     | Found a burning altar of Makhleb.
 23568 | D:14     | Reached skill level 16 in Axes
 23780 | D:15     | Entered Level 15 of the Dungeon
 23806 | D:15     | Identified the ring of the Wary Ultimatums {Ice Int-4
                  | Dex+5}
 23962 | D:15     | Reached XP level 16. HP: 76/103 MP: 22/22
 24066 | D:15     | Found a staircase to the Depths.
 24092 | D:15     | Noticed Nessos
 24096 | D:15     | Killed Nessos
 24129 | D:15     | Found a white marble altar of Elyvilon.
 24337 | D:15     | Received a gift from Okawaru
 24540 | D:15     | Received a gift from Okawaru
 24823 | Orc:1    | Entered Level 1 of the Orcish Mines
 24995 | Orc:2    | Entered Level 2 of the Orcish Mines
 24995 | Orc:2    | Noticed Saint Roka
 25010 | Orc:2    | HP: 3/103 [Saint Roka/divine providence (12)]
 25403 | Orc:2    | Found a staircase to the Elven Halls.
 25690 | D:9      | Killed Saint Roka
 26313 | Orc:2    | Received a gift from Okawaru
 26669 | Orc:2    | Found Ecuugroo's Antique Armour Boutique.
 26670 | Orc:2    | Found Owigao's Antique Weapon Shop.
 26672 | Orc:2    | Found Kosaumesk's General Store.
 26672 | Orc:2    | Found Semeeqan's Book Boutique.
 26688 | Orc:2    | Bought the +0 helmet of Egalitarianism {rN+ Will+ Str+6}
                  | for 474 gold pieces
 26688 | Orc:2    | Bought a potion of curing for 42 gold pieces
 27483 | Snake:1  | Entered Level 1 of the Snake Pit
 27815 | Snake:1  | Identified the +0 cloak of the Poles {-Cast Harm Will+
                  | Str+6} (Okawaru gifted it to you on level 1 of the Snake
                  | Pit)
 27815 | Snake:1  | Received a gift from Okawaru
 28434 | Snake:1  | Reached skill level 15 in Shields
 28555 | Snake:2  | Found a flickering gateway to a bazaar.
 28567 | Bazaar   | Entered a bazaar
 28571 | Bazaar   | Found Xuimn's Antique Weapon Shoppe.
 28579 | Bazaar   | Found Isas's General Store.
 28587 | Bazaar   | Bought a potion of curing for 33 gold pieces
 28590 | Bazaar   | Found Lifem's Jewellery Boutique.
 28607 | Bazaar   | Found Suubiss's Magic Scroll Emporium.
 28607 | Bazaar   | Found Lekigi's Antique Armour Emporium.
 28624 | Bazaar   | Bought a faintly glowing plate armour for 504 gold pieces
 28624 | Bazaar   | Identified the +2 plate armour of the Lich-sworn {rC+
                  | Dex+4} (You bought it in a shop in a bazaar)
 28632 | Bazaar   | Bought a scroll of identify for 32 gold pieces
 28632 | Bazaar   | Bought a scroll of teleportation for 48 gold pieces
 28632 | Bazaar   | Bought a scroll of enchant armour for 120 gold pieces
 28632 | Bazaar   | Bought a scroll of teleportation for 48 gold pieces
 28632 | Bazaar   | Bought a scroll of enchant weapon for 120 gold pieces
 28632 | Bazaar   | Bought a scroll of teleportation for 48 gold pieces
 28678 | Snake:2  | Reached XP level 17. HP: 109/109 MP: 23/23
 29152 | Snake:2  | Noticed Roxanne
 30676 | Snake:3  | Received a gift from Okawaru
 30715 | Snake:3  | Reached skill level 17 in Axes
 31070 | Snake:3  | Found a runed translucent gate.
 31080 | Snake:3  | Found a runed translucent gate.
 31080 | Snake:3  | Found an opulent altar of Gozag.
 31081 | Snake:3  | Found a runed translucent gate.
 31127 | Snake:3  | Found Raref's Assorted Antiques.
 31127 | Snake:3  | Noticed Mesuenwa's ghost (adept DEWz)
 31321 | Snake:3  | Killed Mesuenwa's ghost
 31382 | Snake:4  | Entered Level 4 of the Snake Pit
 31528 | Snake:4  | Received a gift from Okawaru
 31764 | Snake:3  | Identified the +5 long sword of an ossuary {flame, *Corrode
                  | rF++ Will+++ Dex-4}
 32039 | Snake:4  | Reached XP level 18. HP: 68/118 MP: 24/24
 32544 | Snake:4  | Reached skill level 15 in Fighting
 32547 | Snake:4  | Received a gift from Okawaru
 32548 | Snake:4  | Reached skill level 15 in Armour
 33131 | Snake:4  | Reached skill level 18 in Axes
 33148 | Snake:4  | Received a gift from Okawaru
 34158 | Snake:4  | Got a serpentine rune of Zot
 34404 | Vaults:1 | Entered Level 1 of the Vaults
 34449 | Vaults:1 | Reached skill level 19 in Axes
 34471 | Vaults:1 | Received a gift from Okawaru
 34546 | Vaults:1 | Mangled by a war gargoyle

Illustrated notes

Levels and vault maps discovered:
D:1:      shiori_arrival_maze, layout_basic, minmay_ruptured
D:2:      layout_loops_ring, ebering_ecumenical_altar_sacrificial,
          chequers_jeans, grunt_decor_junction, minmay_misc_feat_ornament,
          corexii_hall_statues_i
D:3:      layout_basic, mainiacjoe_overflow_paths, lemuel_blue_sif_altar,
          gammafunk_ghost_arena, uniq_sigmund, uniq_jessica, uniq_purgy
D:4:      gammafunk_steamed_eel, layout_cave_pools,
          minmay_misc_feat_secret_circle, st_stairs_6, grunt_ministairs_12,
          nicolae_shop_clearance, uniq_grinder, uniq_blork_the_orc,
          uniq_eustachio
D:5:      cheibrodos_quashed, layout_basic, mainiacjoe_overflow_tiny_flanked,
          mainiacjoe_overflow_alcove_2, minmay_pentangle
D:6:      layout_loops_ring, old_standard_altar, minmay_temple_entry_ruins,
          nicolae_ossuary_entry_false_entrances
D:7:      layout_basic, mainiacjoe_overflow_small_starburst,
          minmay_manual_monstrance, uniq_harold
D:8:      layout_cave_pods, mainiacjoe_overflow_alcove_1, nrook_mini_vaults
D:9:      layout_layer_cave, mainiacjoe_overflow_concentric_impassable,
          minmay_lair_entry_grove, orc_0_dummy
D:10:     layout_basic, tgw_fedhas, serial_shops, kennysheep_mini_moat,
          minmay_diced_spiral
D:11:     kennysheep_seaside_town, layout_loops_ring
D:12:     layout_roguey, special_room [special_room_bee], grunt_potential
D:13:     layout_basic, david_vaults_3, uniq_azrael, uniq_kirke, uniq_frances,
          uniq_urug
D:14:     minmay_diamond_stairs, layout_rooms, demons_altar
D:15:     gammafunk_depths_entry_grave, layout_loops_ring, nrook_uturn,
          elyvilon_altar_5, uniq_nessos
Temple:   cyrus_circular_temple
Lair:1:   layout_cave_pods, gammafunk_ghost_grave
Lair:2:   regret_index_combs_of_tragedy, layout_misc_corridors
Lair:3:   layout_regular_city
Lair:4:   layout_loops_ring, minmay_swamp_entry_eels,
          minmay_snake_entry_six_corridors, grunt_megastairs_1
Lair:5:   layout_regular_city, minmay_lair_oklob_chamber, serial_bayou_shore_a,
          infiniplex_staircase_pool
Lair:6:   hellmonk_lair_end_abyssal_woods, layout_layer_cave, slime_dummy,
          grunt_forest_small_clearing_treed, grunt_megastairs_3
Snake:1:  layout_cave_pods, st_stairs_7
Snake:2:  layout_basic, serial_shops, bzr_firewalk,
          nicolae_snake_gridmaze_swirls, lemuel_fruit_tree, uniq_roxanne
Snake:3:  layout_gridlike, ebering_ghost_gozag
Snake:4:  grunt_snake_rune_serpentine_throne, layout_layer_cave
Orc:1:    layout_caves
Orc:2:    st_orc_congregation, layout_caves, basic_altar, uniq_saint_roka
Vaults:1: v_misc_2, vaults_mumra_minichess, vaults_mumra_minichess_inversion,
          grunt_vaults_swirl, ontoclasm_vaults_pinch, hangedman_vaults_maws,
          vaults_room_door_hall, layout_vaults_omnicross

Skill      XL: |  1  2  3  4  5  6  7  8  9 10 11 12 13 14 15 16 17 18 |
---------------+-------------------------------------------------------+-----
Axes           | 2 3 4 6 8 10 11 12 15 16 17 19 | 19.3
Armour         | 4 5 6 7 9 10 11 12 13 14 15 | 15.0
Fighting       | 4 5 6 7 9 10 11 12 13 14 15 | 15.0
Shields        | 4 5 6 7 9 10 11 13 15 | 15.0
Invocations    | 4 7 8 |  8.0
Dodging        | 1 4 6 7 8 |  8.0

Action                   |  1- 3 |  4- 6 |  7- 9 | 10-12 | 13-15 | 16-18 || total
-------------------------+-------+-------+-------+-------+-------+-------++-------
Melee: War axe           |    49 |       |       |       |       |       ||    49
       Dagger            |    48 |   138 |   104 |       |       |       ||   290
       Hand axe          |       |       |   306 |   503 |    44 |       ||   853
       Broad axe         |       |       |       |   329 |  1187 |  1358 ||  2874
Invok: Heroism           |       |       |       |       |     2 |     3 ||     5
       Finesse           |       |       |       |       |       |     2 ||     2
Evoke: Wand              |       |       |     3 |    24 |     6 |     8 ||    41
  Use: Scroll            |     1 |     2 |    14 |    13 |     5 |     7 ||    42
       Potion            |       |       |       |     4 |     1 |     6 ||    11
 Stab: Invisible         |       |       |       |     5 |       |    24 ||    29
       Paralysed         |       |       |       |     9 |       |       ||     9
       Distracted        |       |       |       |     1 |     1 |       ||     2
Armor: Scale mail        |    20 |       |       |       |       |       ||    20
       Plate armour      |    36 |   111 |   334 |   379 |   752 |   627 ||  2239
Dodge: Dodged            |    18 |    16 |    74 |   134 |   266 |   252 ||   760
Block: Kite shield       |    50 |    89 |   236 |   741 |  1094 |  1098 ||  3308
       Reflection        |       |       |       |    24 |    16 |    90 ||   130
